 Dungeon Crawl Stone Soup version 0.31-a0-4-gefa6de2278 (webtiles) character file.

Game seed: 15744719360977808591

339 domi the Sneak (level 6, -2/41 HPs)
             Began as a Vampire Enchanter on May 4, 2023.
             Slain by a scorpion (3 damage)
             ... on level 5 of the Dungeon.
             The game lasted 00:08:38 (3703 turns).

domi the Sneak (Vampire Enchanter)                  Turns: 3703, Time: 00:08:39

Health: -2/41      AC:  2    Str:  5 (7)  XL:     6   Next: 29%
Magic:  1/9        EV: 12    Int: 18 (20) God:
Gold:   173        SH:  0    Dex: 12 (14) Spells: 2/9 levels left

rFire   . . .        s - +3 dagger (flame)
rCold   . . .        (no shield)
rNeg    . . .        b - +0 robe
rPois   .            (no helmet)
rElec   .            (no cloak)
rCorr   .            (no gloves)
SInv    +            (no boots)
Will    +....        (no amulet)
Stlth   +++          t - ring of willpower
HPRegen 0.46/turn    (no ring)
MPRegen 0.11/turn

%: no passive effects
@: lethally poisoned (-2 -> -7), healing quickly
A: alive, fangs 3, see invisible, vampiric 2
a: Exsanguinate


You were on level 5 of the Dungeon.
You visited 1 branch of the dungeon, and saw 5 of its levels.

You collected 173 gold pieces.

Inventory:

Hand Weapons
 a - a +1 dagger
 s - a +3 dagger of flaming (weapon)
   (You took it off an orc on level 4 of the Dungeon)
Armour
 b - a +0 robe (worn)
 l - a +0 buckler
   (You found it on level 2 of the Dungeon)
Jewellery
 t - a ring of willpower (left hand)
   (You found it on level 4 of the Dungeon)
Wands
 o - a wand of roots (2)
   (You took it off Ijyb on level 3 of the Dungeon)
Scrolls
 e - 3 scrolls of identify {@r1}
 f - a scroll of silence {!r!r}
 g - 2 scrolls of vulnerability {!r!r}
 h - 3 scrolls of teleportation {@r4}
 k - a scroll of fog
Potions
 c - a potion of invisibility
 d - a potion of flight {unknown}
 i - 3 potions of attraction {!q}
 m - 2 potions of heal wounds {unknown}
 p - a potion of haste {unknown}
 q - a potion of curing {unknown}
 r - a potion of degeneration {!q}
 v - a potion of might {unknown}


   Skills:
 + Level 2.7 Short Blades
 - Level 2.1 Dodging
 * Level 6.8 Stealth
 + Level 1.0 Shields
 - Level 2.0 Spellcasting
 * Level 6.8 Hexes
 + Level 1.7 Ice Magic
 + Level 1.7 Earth Magic


You had 2 spell levels left.
You knew the following spells:

 Your Spells              Type           Power      Damage    Failure   Level
z - Ensorcelled Hibernat  Hex/Ice        34%        N/A       4%          2
N - Passwall              Tmut/Erth      3%         N/A       19%         2
Z - Confusing Touch       Hex            26%        N/A       3%          3

Your spell library contained the following spells:

 Spells                   Type           Power      Damage    Failure   Level
 Sandblast                Erth           14%        2d6       9%          1
 Foxfire                  Conj/Fire      4%         2x1d4     19%         1
 Tukima's Dance           Hex            26%        N/A       3%          3
 Dazzling Flash           Conj/Hex       28%        N/A       14%         3
 Stone Arrow              Conj/Erth      8%         3d7       36%         3
 Fireball                 Conj/Fire      0%         3d3       99%         5
 Plasma Beam              Fire/Air       0%         2x1d11    100%        6
 Starburst                Conj/Fire      0%         6d3       100%        6


Dungeon Overview and Level Annotations

Branches:
Dungeon (5/15)
 Temple: D:4-7

Altars:
Okawaru
Sif Muna
Uskayaw

Shops:
D:1 (


Innate Abilities, Weirdness & Mutations

Your natural rate of healing is accelerated.
You have razor-sharp teeth.
You have supernaturally acute eyesight. (SInv)
You are afflicted with vampirism and can become a bat while bloodless.


Message History

A profound silence engulfs you.
It was a scroll of silence.
You start waiting.
You feel your willpower return.
Your hearing returns.
An orc comes into view. It is wielding a +0 dagger.
The orc hits you with a +0 dagger.
You hit the orc. You burn the orc. The orc barely misses you.
You hit the orc. You burn the orc. The orc hits you with a +0 dagger.
Press: ? - help, Shift-Dir - straight line, f - orc
Aim: an orc, wielding a +0 dagger, wearing a +0 ring mail and quivering boomerangs (severely wounded, chance to affect: 68%)
The orc looks drowsy...
The helpless orc fails to defend itself.
You impale the orc!! You burn the orc.
You kill the orc!
You hear the slow hiss of a very distant avalanche of sand.
Things that are here:
a +0 dagger; 2 boomerangs; a +0 ring mail You now have 173 gold pieces (gained 13).
You see here a +0 robe.
You hear the slow hiss of a very distant avalanche of sand.
You open the door.
An adder comes into view.
The adder hisses angrily.
The adder bites you.
There is an open door here.
You hit the adder. You burn the adder. The adder bites you.
Press: ? - help, Shift-Dir - straight line, f - adder
Aim: an adder (moderately wounded, chance to affect: 60%)
The adder looks drowsy...
The helpless adder fails to defend itself.
You spit the adder like a pig!!! You burn the adder.
You kill the adder!
An adder comes into view.
An adder comes into view.
You hit the adder. You burn the adder. Your bite misses the adder.
The adder bites you.
You are poisoned.
The adder poisons you!
Press: ? - help, Shift-Dir - straight line, f - adder
Aim: an adder (heavily wounded, chance to affect: 60%)
The adder looks drowsy...
You feel sick.
The helpless adder fails to defend itself.
You impale the adder!! You burn the adder.
You kill the adder!
A scorpion comes into view.
You feel sick.
Press: ? - help, Shift-Dir - straight line, f - adder
Aim: an adder (chance to affect: 61%)
The adder resists with significant effort.
You feel sick. The adder bites you.
You are more poisoned.
The adder poisons you!
Press: ? - help, Shift-Dir - straight line, f/p - adder
Aim: an adder (chance to affect: 61%)
The adder looks drowsy...
You feel sick.
The helpless adder fails to defend itself.
You spit the adder like a pig!!! You burn the adder.
You kill the adder!
You feel sick.
An adder comes into view.
You feel sick.
Press: ? - help, Shift-Dir - straight line, f - scorpion
Aim: a scorpion (chance to affect: 51%)
The scorpion resists with significant effort.
You hear the slow hiss of a very distant avalanche of sand.
You feel sick. The scorpion barely misses you.
You feel sick.
You feel sick. The scorpion attacks as you move away!
The scorpion closely misses you.
You feel sick.
You are no longer poisoned.
The scorpion barely misses you.
Press: ? - help, Shift-Dir - straight line, f/p - scorpion
Aim: a scorpion (chance to affect: 51%)
The scorpion resists with significant effort.
The scorpion stings you.
You are poisoned.
The scorpion poisons you! The scorpion attacks as you move away!
The scorpion stings you.
You feel very sick.
You feel sick.
You feel sick.
You feel sick. The scorpion stings you.
You are more poisoned.
The scorpion poisons you!
You feel very sick. The scorpion attacks as you move away!
The scorpion barely misses you.
* * * LOW HITPOINT WARNING * * *
You feel very sick. The scorpion attacks as you move away!
The scorpion stings you.
* * * LOW HITPOINT WARNING * * *
x2 You feel sick.
It was a potion of degeneration.
There was something very wrong with that liquid.
You feel weakened.
You feel dopey.
You feel clumsy.
* * * LOW HITPOINT WARNING * * *
You feel sick. The scorpion stings you.
You die...

#.....†..#
#.##.###S# #
#.####.#
#....#.#
###.##.#
####S..#.#
#.S....#.#
#s##...#.#
#@###..#.#
#......#'####
###.........#
##.##......#
#..........#
###..##.#+####
..........#
########.###
#.###########


You could see a scorpion and an adder.

Vanquished Creatures
  2 orc priests (D:3)
  Ijyb (D:3)
  An iguana (D:4)
  An orc wizard (D:4)
  3 gnolls (D:4)
  8 adders
  3 dart slugs
  A worm (D:2)
  11 orcs
  6 endoplasms
  4 giant cockroaches
  11 goblins
  3 hobgoblins
  9 kobolds
  3 quokkas (D:4)
  9 ball pythons
  4 bats
  5 frilled lizards
  8 rats
93 creatures vanquished.

Notes
Turn   | Place    | Note
-------+----------+-------------------------------------------
     0 | D:1      | domi the Vampire Enchanter began the quest for the Orb.
     0 | D:1      | Reached XP level 1. HP: 13/13 MP: 3/3
    19 | D:1      | Found Dyhothi's Antique Weapon Shop.
    24 | D:1      | HP: 2/13 [endoplasm (3)]
   144 | D:1      | Reached XP level 2. HP: 19/19 MP: 5/5
   222 | D:1      | Reached skill level 5 in Stealth
   248 | D:1      | Reached skill level 5 in Hexes
   344 | D:1      | Found a faded altar of an unknown god.
   514 | D:1      | Learned a level 2 spell: Ensorcelled Hibernation
   517 | D:1      | Learned a level 2 spell: Passwall
   538 | D:2      | Gained mutation: You are afflicted with vampirism and can
                  | become a bat while bloodless. [Vampire growth]
   538 | D:2      | Reached XP level 3. HP: 24/24 MP: 6/6
   849 | D:2      | Found a hide-covered altar of Uskayaw.
   884 | D:2      | HP: 6/24 [worm (9)]
   903 | D:2      | Reached skill level 2 in Short Blades
   903 | D:2      | Reached XP level 4. HP: 18/30 MP: 1/7
  1312 | D:3      | Noticed Ijyb
  1319 | D:3      | HP: 6/30 [constriction (5)]
  1324 | D:3      | HP: 3/30 [Ijyb/+0 dagger (3)]
  1470 | D:3      | Killed Ijyb
  1744 | D:3      | Learned a level 3 spell: Confusing Touch
  1827 | D:3      | HP: 7/30 [orc/+0 dagger (3)]
  1831 | D:3      | Reached skill level 1 in Earth Magic
  1834 | D:3      | Reached skill level 1 in Ice Magic
  1836 | D:3      | Reached skill level 6 in Stealth
  1836 | D:3      | Reached skill level 6 in Hexes
  1836 | D:3      | Reached XP level 5. HP: 10/35 MP: 1/8
  1951 | D:3      | HP: 4/35 [orc priest/+0 flail (8)]
  2051 | D:3      | Found a shimmering blue altar of Sif Muna.
  2869 | D:4      | Found an iron altar of Okawaru.
  3118 | D:4      | Reached XP level 6. HP: 13/41 MP: 6/9
  3272 | D:4      | Reached skill level 1 in Shields
  3489 | D:5      | Entered Level 5 of the Dungeon
  3701 | D:5      | HP: 10/41 [poisoned by a scorpion]
  3702 | D:5      | HP: 4/41 [scorpion (6)]
  3703 | D:5      | HP: 1/41 [poisoned by a scorpion]
  3703 | D:5      | Slain by a scorpion

Illustrated notes

Levels and vault maps discovered:
D:1:      amcnicky_arrival_gap_in_the_tavern_cellar, layout_rooms, serial_shops,
          shop, dreamdust_ecumenical_altar_angels_and_demons
D:2:      layout_rooms, basic_altar, grunt_decor_clamped
D:3:      layout_basic, mainiacjoe_overflow_cross_hatched, uniq_ijyb
D:4:      layout_basic, lemuel_doored_altar
D:5:      layout_basic, enter_ossuary_1, gammafunk_ghost_grave

Skill      XL: |  1  2  3  4  5  6 |
---------------+-------------------+-----
Stealth        | 5 6 |  6.8
Hexes          | 5 6 |  6.8
Short Blades   | 2 |  2.7
Earth Magic    | 1 |  1.7
Ice Magic      | 1 |  1.7
Shields        | 1 |  1.0
Dodging        | |  2.1
Spellcasting   | |  2.0

Action                     |  1- 3 |  4- 6 || total
---------------------------+-------+-------++-------
  Melee: Dagger            |    91 |   119 ||   210
         Bite              |     7 |     7 ||    14
   Cast: Ensorcelled Hiber |     6 |    38 ||    44
         Confusing Touch   |       |     1 ||     1
  Evoke: Wand              |       |     2 ||     2
    Use: Potion            |       |     3 ||     3
         Scroll            |       |     9 ||     9
   Stab: Sleeping          |    16 |    28 ||    44
         Invisible         |       |     2 ||     2
         Distracted        |       |     1 ||     1
 Armour: Robe              |    13 |    10 ||    23
  Dodge: Dodged            |    43 |    79 ||   122

Table legend: (Time is in decaauts)
 A = Elapsed time spent in this place.
 B = Non-inter-level travel time spent in this place.
 C = Inter-level travel time spent in this place.
 D = Time resting spent in this place.
 E = Time spent auto-exploring this place.
 F = Levels seen in this place.
 G = Mean time per level.
                   A        B        C        D        E       F      G
               +--------+--------+--------+--------+--------+-----+--------+
         Total |   3683 |   3505 |    178 |    463 |   2252 |   5 |  736.6 |
       Dungeon |   3683 |   3505 |    178 |    463 |   2252 |   5 |  736.6 |
               +--------+--------+--------+--------+--------+-----+--------+

Top non-repeatable levels by time:
     D:3: 1284 daAuts
     D:4: 1004 daAuts
     D:2: 692 daAuts
     D:1: 524 daAuts
     D:5: 177 daAuts

Levels and vault maps discovered:
D:1:      amcnicky_arrival_gap_in_the_tavern_cellar, layout_rooms, serial_shops,
          shop, dreamdust_ecumenical_altar_angels_and_demons
D:2:      layout_rooms, basic_altar, grunt_decor_clamped
D:3:      layout_basic, mainiacjoe_overflow_cross_hatched, uniq_ijyb
D:4:      layout_basic, lemuel_doored_altar
D:5:      layout_basic, enter_ossuary_1, gammafunk_ghost_grave

Table legend: (Time is in decaauts)
 A = Elapsed time spent in this place.
 B = Non-inter-level travel time spent in this place.
 C = Inter-level travel time spent in this place.
 D = Time resting spent in this place.
 E = Time spent auto-exploring this place.
 F = Levels seen in this place.
 G = Mean time per level.
                   A        B        C        D        E       F      G
               +--------+--------+--------+--------+--------+-----+--------+
         Total |   3683 |   3505 |    178 |    463 |   2252 |   5 |  736.6 |
       Dungeon |   3683 |   3505 |    178 |    463 |   2252 |   5 |  736.6 |
               +--------+--------+--------+--------+--------+-----+--------+

Top non-repeatable levels by time:
     D:3: 1284 daAuts
     D:4: 1004 daAuts
     D:2: 692 daAuts
     D:1: 524 daAuts
     D:5: 177 daAuts

Table legend:
 A = Kills in this place as a percentage of kills in the entire game.
 B = Kills by you in this place as a percentage of kills by you in the entire game.
 C = Kills by friends in this place as a percentage of kills by friends in the entire game.
 D = Other kills in this place as a percentage of other kills in the entire game.
 E = Experience gained in this place as a percentage of experience gained in the entire game.
 F = Experience gained in this place divided by the number of levels of this place that you have seen.
                   A       B       C       D       E      F
               +-------+-------+-------+-------+-------+----------------------
         Total | 100.0 | 100.0 |   N/A |   N/A | 100.0 |  97.0
       Dungeon | 100.0 | 100.0 |   N/A |   N/A | 100.0 |  97.0
               +-------+-------+-------+-------+-------+----------------------
